 Dungeon Crawl Stone Soup version 0.29-a0-378-gc08b2e8bf8 (webtiles) character file.

Game seed: 10258238542122021074

6459 Vanska the Zephyrmancer (level 11, -4/64 HPs)
             Began as a Tengu Brigand on May 4, 2022.
             Was an Elder of Okawaru.
             Slain by a gnoll sergeant
             ... wielding a +1 spear of venom
              (5 damage)
             ... on level 9 of the Dungeon.
             The game lasted 00:22:14 (13496 turns).

Vanska the Zephyrmancer (Tengu Brigand)            Turns: 13496, Time: 00:22:14

Health: -4/64      AC:  8    Str: 12    XL:     11   Next: 0%
Magic:  19/19      EV: 15    Int: 13    God:    Okawaru [****..]
Gold:   496        SH:  5    Dex: 24    Spells: 10/20 levels left

rFire   + . .      SeeInvis .   A - +2 scimitar (flame)
rCold   . . .      Faith    .   (no shield)
rNeg    . . .      Spirit   .   C - +2 ring mail {rF+}
rPois   .          Reflect  +   (helmet restricted)
rElec   .          Harm     .   D - scarf {repulsion}
rCorr   +          Rampage  .   k - +0 pair of gloves
Will    .....                   (boots unavailable)
Stlth   ++........              t - amulet of reflection
HPRegen 0.20/turn               m - +6 ring of dexterity
MPRegen 0.16/turn               q - ring of resist corrosion

@: lethally poisoned (-4 -> -21), flying quickly and evasively, repel missiles,
quick
A: beak, talons 3, nimble flight
a: Renounce Religion, Heroism, Finesse


You were on level 9 of the Dungeon.
You worshipped Okawaru.
Okawaru was greatly pleased with you.
You visited 2 branches of the dungeon, and saw 10 of its levels.

You collected 522 gold pieces.
You spent 26 gold pieces at shops.

Inventory:

Hand Weapons
 a - a +2 dagger
 e - a +1 dagger of pain
   (You took it off a goblin on level 2 of the Dungeon)
 n - a +1 trident of freezing
   (You took it off a wight on level 6 of the Dungeon)
 A - a +2 scimitar of flaming (weapon)
   (You took it off a wight on level 7 of the Dungeon)
Missiles
 o - a curare-tipped dart {!f}
 s - 4 atropa-tipped darts
 y - 19 poisoned darts (quivered)
Armour
 b - a +0 robe
 c - a +0 cloak
 k - a +0 pair of gloves (worn)
   (You found it on level 2 of the Dungeon)
 C - a +2 ring mail of fire resistance (worn)
   (You found it on level 5 of the Dungeon)
 D - a scarf of repulsion (worn)
   (You found it on level 6 of the Dungeon)
Jewellery
 m - a +6 ring of dexterity (left hand)
   (You found it on level 2 of the Dungeon)
 q - a ring of resist corrosion (right hand)
   (You found it on level 5 of the Dungeon)
 t - an amulet of reflection (around neck)
   (You found it on level 6 of the Dungeon)
Wands
 d - a wand of iceblast (6)
   (You found it on level 7 of the Dungeon)
 v - a wand of digging (3)
   (You found it on level 9 of the Dungeon)
 x - a wand of acid (13)
   (You found it on level 8 of the Dungeon)
Scrolls
 f - a scroll of fog {unknown}
 h - a scroll of teleportation {@r4}
 p - 2 scrolls of amnesia
 r - a scroll of fear {unknown}
 u - a scroll of blinking {unknown}
 w - a scroll of acquirement {unknown}
Potions
 g - 2 potions of brilliance
 i - a potion of heal wounds {unknown}
 l - 2 potions of might


   Skills:
 - Level 6.0 Fighting
 - Level 2.1(4.4) Short Blades
 + Level 6.0(6.2) Long Blades
 - Level 2.0 Throwing
 - Level 4.0 Dodging
 - Level 4.0 Stealth
 - Level 5.0 Spellcasting
 + Level 2.2 Conjurations
 - Level 14.0 Air Magic
 - Level 1.0 Poison Magic
 + Level 5.0 Invocations


You had 10 spell levels left.
You knew the following spells:

 Your Spells              Type           Power      Damage    Failure   Level
a - Airstrike             Air            19%        N/A       1%          4
f - Mephitic Cloud        Conj/Pois/Air  18%        N/A       12%         3
s - Swiftness             Air            39%        N/A       1%          3

Your spell library contained the following spells:

 Spells                   Type           Power      Damage    Failure   Level
 Shock                    Conj/Air       96%        1d9       1%          1
 Static Discharge         Conj/Air       24%        N/A       2%          2
 Pain                     Necr           12%        1d4       38%         1
 Silence                  Hex/Air        10%        N/A       54%         5
 Conjure Flame            Conj/Fire      6%         6-21      63%         3
 Dazzling Flash           Conj/Hex       12%        N/A       63%         3
 Ignite Poison            Fire/Tmut/Pois 4%         N/A       75%         3
 Vampiric Draining        Necr           3%         2d6       77%         3
 Freezing Cloud           Conj/Ice/Air   8%         6-21      78%         5
 Sticky Flame             Conj/Fire      6%         2d3       95%         4
 Anguish                  Hex/Necr       1%         N/A       99%         4
 Dispel Undead            Necr           3%         3d7       99%         4
 Agony                    Necr           3%         N/A       100%        5
 Enfeeble                 Hex            1%         N/A       100%        7
 Animate Skeleton         Necr           Unusable   N/A       N/A         1
 Tukima's Dance           Hex            Unusable   N/A       N/A         3

Dungeon Overview and Level Annotations

Branches:
Dungeon (9/15)             Temple (1/1) D:6            Lair (0/6) D:8
    Orc: D:9-12

Altars:
Ashenzari
Cheibriados
Dithmenos
Elyvilon
Fedhas
Gozag
Hepliaklqana
Kikubaaqudgha
Makhleb
Nemelex Xobeh
Okawaru
Qazlal
Ru
Sif Muna
Trog
Uskayaw
Vehumet
Xom
Yredelemnul
Zin
The Shining One

Shops:
D:2 [   D:3 ?   D:8 *

Annotations:
D:4 1 runed translucent door, Crazy Yiuf


Innate Abilities, Weirdness & Mutations

You have a beak for a mouth.
You have claws for feet.
Your magical nature lets you fly swiftly and evasively.


Message History

The gnoll sergeant hits you but does no damage.
The gnoll hits you with a +0 halberd!
You hit the gnoll sergeant. You burn the gnoll sergeant.
You feel sick. The gnoll hits you with a +0 club.
An acid dragon comes into view.
The gnoll sergeant hits you with a +1 spear of venom.
* * * LOW HITPOINT WARNING * * *
You are more poisoned.
The gnoll hits you with a +0 halberd!
* * * LOW HITPOINT WARNING * * *
You feel better. You block the gnoll's attack.
The gnoll sergeant hits you but does no damage.
You are poisoned.
The gnoll misses you.
As you read the scroll of teleportation {@r4}, it crumbles to dust.
You feel strangely unstable.
You feel sick. The gnoll hits you with a +0 club.
* * * LOW HITPOINT WARNING * * *
The gnoll sergeant misses you. The gnoll misses you.
You feel sick.
The gnoll sergeant hits you from afar with a +1 spear of venom!
* * * LOW HITPOINT WARNING * * *
You are more poisoned.
The gnoll completely misses you.
You feel sick.
Unknown command.
You feel sick.
The gnoll sergeant hits you from afar with a +1 spear of venom.
* * * LOW HITPOINT WARNING * * *
You are lethally poisoned!
Okay, then.
It was a potion of ambrosia.
You are confused.
You feel invigorated.
* * * LOW HITPOINT WARNING * * *
You feel very sick. The gnoll misses you.
The gnoll sergeant hits you from afar with a +1 spear of venom.
* * * LOW HITPOINT WARNING * * *
You are more poisoned.
It was a potion of cancellation.
You feel strangely stable.
Your magical effects are unravelling.
You feel magically purged.
You feel less invigorated.
You feel less confused.
* * * LOW HITPOINT WARNING * * *
You feel very sick. The gnoll hits you with a +0 club.
* * * LOW HITPOINT WARNING * * *
The gnoll sergeant hits you from afar with a +1 spear of venom.
You die...

#.#....## #...#
.##.......###...#
........(.......#
.......).###.#.#
##.##...).....#.#
.^.....g..#####.#
.......g..# #..
##.##...#g# ### #
#....@.#
.........#
#.#......#
#.##.#...# #
#.#...# #.#...#
..... ..#.#


You could see a gnoll sergeant and 2 gnolls.

Vanquished Creatures
  A two-headed ogre (D:8)
  2 trolls
  A hornet (D:9)
  Prince Ribbit (D:7)
  2 wraiths
  6 yaks (D:8)
  2 water moccasins
  An ice beast (D:7)
  2 orc warriors (D:6)
  A black bear (D:5)
  2 wolves (D:8)
  An ogre (D:5)
  2 phantoms
  3 centaurs (D:8)
  A kobold brigand (D:8)
  2 bullfrogs
  A necrophage (D:6)
  5 scorpions
  10 wights
  7 killer bees
  8 electric eels
  2 howler monkeys
  9 hounds
  3 jellies
  2 orc priests
  A gnoll shaman (D:8)
  3 iguanas
  2 orc wizards (D:9)
  Robin (D:2)
  9 gnolls
  12 adders
  2 shadow imps
  4 ufetubi
  3 worms
  A dart slug (D:4)
  33 orcs
  3 ball pythons
  7 endoplasms
  2 giant cockroaches
  12 goblins
  3 hobgoblins
  6 jackals
  2 quokkas
  6 bats
  A frilled lizard (D:2)
  11 kobolds
  3 rats
204 creatures vanquished.

Vanquished Creatures (others)
  A hound (D:6)
  18 fungi
  11 plants
30 creatures vanquished.

Grand Total: 234 creatures vanquished

Notes
Turn   | Place    | Note
-------+----------+-------------------------------------------
     0 | D:1      | Vanska the Tengu Brigand began the quest for the Orb.
     0 | D:1      | Reached XP level 1. HP: 12/12 MP: 2/2
   185 | D:1      | Reached XP level 2. HP: 18/18 MP: 3/3
  1214 | D:2      | Found Sooski's Antique Armour Shoppe.
  1254 | D:2      | Reached XP level 3. HP: 23/23 MP: 4/4
  1506 | D:2      | Reached XP level 4. HP: 24/29 MP: 4/6
  1511 | D:2      | Reached skill level 1 in Spellcasting
  2025 | D:2      | Noticed Robin
  2031 | D:2      | Killed Robin
  2547 | D:2      | Learned a level 4 spell: Airstrike
  2823 | D:3      | Gained mutation: Your magical nature lets you fly swiftly
                  | and evasively. [Tengu growth]
  2823 | D:3      | Reached XP level 5. HP: 33/33 MP: 9/9
  2952 | D:3      | Found Jahead's Magic Scroll Emporium.
  2960 | D:3      | Bought a scroll of identify for 26 gold pieces
  3083 | D:3      | Reached skill level 1 in Air Magic
  3217 | D:3      | Found a blossoming altar of Fedhas.
  3308 | D:4      | Found a white marble altar of Elyvilon.
  3617 | D:4      | Found a runed translucent door.
  3618 | D:4      | Noticed Crazy Yiuf
  3943 | D:4      | Reached skill level 2 in Air Magic
  4164 | D:5      | Entered Level 5 of the Dungeon
  4175 | D:4      | Reached skill level 3 in Air Magic
  4175 | D:4      | Reached XP level 6. HP: 31/38 MP: 10/10
  4972 | D:5      | Reached skill level 4 in Air Magic
  5193 | D:5      | Noticed a wraith
  5354 | D:6      | Found a glowing silver altar of Zin.
  5391 | D:6      | Found a broken altar of Ashenzari.
  5407 | D:6      | Reached skill level 5 in Air Magic
  5407 | D:6      | Reached XP level 7. HP: 27/43 MP: 11/11
  5560 | D:6      | Reached skill level 6 in Air Magic
  5606 | D:6      | Reached skill level 7 in Air Magic
  5713 | D:6      | Reached skill level 8 in Air Magic
  5943 | D:6      | Found a staircase to the Ecumenical Temple.
  5958 | Temple   | Entered the Ecumenical Temple
  6040 | Temple   | Became a worshipper of Warmaster Okawaru
  6126 | D:6      | Found a shimmering altar of Xom.
  6135 | D:6      | Reached XP level 8. HP: 44/48 MP: 12/12
  6172 | D:6      | Reached skill level 9 in Air Magic
  6610 | D:5      | Killed a wraith
  6779 | D:5      | Reached skill level 10 in Air Magic
  7045 | D:5      | Reached * piety under Okawaru
  7847 | D:7      | Noticed Prince Ribbit
  7850 | D:7      | Killed Prince Ribbit
  7851 | D:7      | Reached skill level 11 in Air Magic
  8118 | D:6      | Reached XP level 9. HP: 36/52 MP: 16/16
  8250 | D:6      | Reached skill level 12 in Air Magic
  8423 | D:7      | Reached ** piety under Okawaru
  8656 | D:7      | Found a shimmering blue altar of Sif Muna.
  8669 | D:7      | Found a sacrificial altar of Ru.
  8678 | D:7      | Found a basalt altar of Yredelemnul.
  8689 | D:7      | Found a stormy altar of Qazlal.
  8739 | D:7      | Found a hazy altar of Hepliaklqana.
  8928 | D:7      | Reached skill level 5 in Fighting
 10676 | D:8      | Reached skill level 1 in Long Blades
 10679 | D:8      | Reached skill level 1 in Invocations
 10850 | D:8      | Noticed a two-headed ogre
 11055 | D:8      | Killed a two-headed ogre
 11056 | D:8      | Reached XP level 10. HP: 60/60 MP: 14/18
 11057 | D:8      | Reached skill level 5 in Spellcasting
 11127 | D:8      | Reached *** piety under Okawaru
 11536 | D:8      | Reached skill level 13 in Air Magic
 11630 | D:8      | Found Gozag's Platinum Reserve.
 11635 | D:8      | Found an opulent altar of Gozag.
 12243 | D:8      | Reached skill level 5 in Long Blades
 12815 | D:8      | Found a staircase to the Lair.
 13155 | D:8      | Learned a level 3 spell: Swiftness
 13159 | D:8      | Learned a level 3 spell: Mephitic Cloud
 13180 | D:9      | Reached **** piety under Okawaru
 13181 | D:9      | Reached skill level 1 in Conjurations
 13452 | D:9      | Reached skill level 1 in Poison Magic
 13482 | D:9      | Reached skill level 14 in Air Magic
 13482 | D:9      | Reached skill level 5 in Invocations
 13487 | D:9      | Reached XP level 11. HP: 51/64 MP: 16/19
 13496 | D:9      | HP: 1/64 [gnoll/+0 club[a gnoll sergeant] (4)]
 13496 | D:9      | Slain by a gnoll sergeant

Illustrated notes

Levels and vault maps discovered:
D:1:      minmay_arrival_up_and_down, layout_loops_corners,
          chequers_serial_rivers_micro_e, bh_walls_and_bars
D:2:      layout_basic, serial_shops, nicolae_shop_window_shopping,
          hex_intersection, uniq_robin
D:3:      layout_basic, lemuel_coloured_pillars_altar, serial_shops, shop
D:4:      layout_gridville, lemuel_crystal_altar, uniq_crazy_yiuf_cottage
D:5:      black_bear_nest_1, layout_basic, serial_bayou, serial_bayou_pond_c,
          serial_bayou_shore_b, serial_bayou_pond_e, serial_bayou_crossing,
          kennysheep_minor_cross
D:6:      layout_basic, nicolae_overflow_hidden_temple,
          mainiacjoe_overflow_catwalk, xom_confusion_cloud,
          minmay_temple_entry_gardened_gates
D:7:      layout_basic, mainiacjoe_overflow_chevrons,
          nicolae_overflow_quartered_altars, nrook_pool_corridor,
          water_boxes_lemuel, uniq_prince_ribbit1
D:8:      old_forge, layout_rooms, nicolae_gozag_zags_fifth_avenue,
          erik_lair_island, special_room [special_room_orc]
D:9:      layout_loops_ring, lemuel_round_altar
Temple:   zaba_magenta_temple

Skill      XL: |  1  2  3  4  5  6  7  8  9 10 |
---------------+-------------------------------+-----
Fighting       | 3 4 6 |  6.0
Spellcasting   | 2 4 5 |  5.0
Air Magic      | 3 5 8 11 12 14 | 14.0
Dodging        | 3 4 |  4.0
Long Blades    | 3 6 |  6.0
Invocations    | 2 5 |  5.0
Conjurations   | 2 |  2.2
Poison Magic   | 1 |  1.0
Short Blades   | |  2.1
Throwing       | |  2.0
Stealth        | |  4.0

Action                   |  1- 3 |  4- 6 |  7- 9 | 10-12 || total
-------------------------+-------+-------+-------+-------++-------
Melee: Dagger            |    46 |   134 |   152 |       ||   332
       Kick              |    12 |    41 |    67 |    43 ||   163
       Peck              |     5 |    33 |    39 |    25 ||   102
       Punch             |       |     1 |     2 |     2 ||     5
       Scimitar          |       |       |    20 |   154 ||   174
Throw: Dart              |     3 |    38 |    28 |       ||    69
 Cast: Airstrike         |       |       |    21 |    25 ||    46
       Mephitic Cloud    |       |       |       |     1 ||     1
Invok: Heroism           |       |       |     1 |     3 ||     4
  Use: Scroll            |       |     8 |     1 |     2 ||    11
       Potion            |       |       |     3 |     5 ||     8
 Stab: Sleeping          |     4 |     7 |     3 |     1 ||    15
Armor: Robe              |     8 |    19 |     7 |       ||    34
       Ring mail         |       |       |    23 |    39 ||    62
Dodge: Dodged            |    13 |    74 |   113 |   108 ||   308
Block: Other             |       |     1 |    42 |    41 ||    84
       Reflection        |       |       |     4 |       ||     4

Table legend: (Time is in decaauts)
 A = Elapsed time spent in this place.
 B = Non-inter-level travel time spent in this place.
 C = Inter-level travel time spent in this place.
 D = Time resting spent in this place.
 E = Time spent auto-exploring this place.
 F = Levels seen in this place.
 G = Mean time per level.
                   A        B        C        D        E       F      G
               +--------+--------+--------+--------+--------+-----+--------+
         Total |  13102 |  12576 |    526 |   5706 |   5063 |  10 | 1310.2 |
       Dungeon |  13016 |  12501 |    515 |   5706 |   5018 |   9 | 1446.2 |
        Temple |     86 |     76 |     10 |      0 |     45 |   1 |   86.0 |
               +--------+--------+--------+--------+--------+-----+--------+

Top non-repeatable levels by time:
     D:7: 3122 daAuts
     D:8: 2146 daAuts
     D:6: 1899 daAuts
     D:2: 1356 daAuts
     D:4: 1346 daAuts
     D:5: 1236 daAuts
     D:1: 1193 daAuts
     D:3: 645 daAuts
  Temple: 86 daAuts
     D:9: 69 daAuts
